 Dungeon Crawl Stone Soup version 0.31-a0-331-geda263fcf1 (webtiles) character file.

Game seed: 12141454003538938219

93 arthad the Digger (level 4, -1/24 HPs)
             Began as a Gargoyle Earth Elementalist on July 19, 2023.
             Slain by an orc
             ... wielding a +0 flail
              (7 damage)
             ... on level 2 of the Dungeon.
             The game lasted 00:03:09 (1520 turns).

arthad the Digger (Gargoyle Earth Elementalist)     Turns: 1520, Time: 00:03:10

Health: -1/24      AC:  5    Str: 12    XL:     4   Next: 62%
Magic:  2/7        EV: 12    Int: 17    God:
Gold:   56         SH:  0    Dex: 10    Spells: 5/8 levels left

rFire   . . .        (no weapon)
rCold   . . .        (no shield)
rNeg    + . .        a - +0 robe
rPois   ∞            (no helmet)
rElec   +            (no cloak)
rCorr   .            (no gloves)
SInv    .            (no boots)
Will    .....        (no amulet)
Stlth   ++           (no ring)
HPRegen 0.24/turn    (no ring)
MPRegen 0.10/turn

%: no passive effects
@: no status effects
A: sickness immunity, AC +3, negative energy resistance 1, electricity
resistance, torment resistance 1, petrification resistance
a: no special abilities


You were on level 2 of the Dungeon.
You visited 1 branch of the dungeon, and saw 2 of its levels.

You collected 56 gold pieces.

Inventory:

Hand Weapons
 n - a +1 short sword of venom
Missiles
 e - 3 poisoned darts
Armour
 a - a +0 robe (worn)
 f - a +0 buckler
Talismans
 i - a beast talisman
Scrolls
 g - a scroll of poison {unknown}
 j - a scroll of teleportation {unknown}
 k - a scroll of fear {unknown}
 l - a scroll of enchant armour {unknown}
 m - a scroll of blinking {unknown}
 o - a scroll of fog {unknown}
 p - 2 scrolls of identify {unknown}
Potions
 b - a potion of magic
 c - a potion of haste {unknown}
 d - a potion of heal wounds {unknown}
 h - a potion of curing {unknown}


   Skills:
 + Level 0.7 Fighting
 + Level 0.7 Armour
 + Level 2.0 Dodging
 + Level 2.9 Stealth
 * Level 2.5 Spellcasting
 + Level 0.4 Translocations
 + Level 1.4 Transmutations
 * Level 4.2 Earth Magic


You had 5 spell levels left.
You knew the following spells:

 Your Spells              Type           Power      Damage    Failure   Level
a - Sandblast             Erth           32%        2d9       3%          1
b - Blink                 Tloc           6%         N/A       24%         2

Your spell library contained the following spells:

 Spells                   Type           Power      Damage    Failure   Level
 Passwall                 Tmut/Erth      9%         N/A       9%          2
 Stone Arrow              Conj/Erth      18%        3d8       22%         3
 Lesser Beckoning         Tloc           6%         N/A       24%         2
 Momentum Strike          Conj/Tloc      4%         3d8       26%         2
 Petrify                  Tmut/Erth      11%        N/A       50%         4


Dungeon Overview and Level Annotations

Branches:
Dungeon (2/15)

Altars:


Innate Abilities, Weirdness & Mutations

You are immune to sickness and miasma.
Your stone body is resilient. (AC +3)
You are immune to poison.
You resist negative energy. (rN+)
You are resistant to electric shocks. (rElec)
You are resistant to unholy torment.
You are immune to petrification.


Message History

Found a pair of gloves.
You see here a +0 pair of gloves.
Found a stone staircase leading down. 2 orcs and 2 orc priests come into view.
The orc shouts! x2; The orc priest shouts!
You hear a shout! x2
An orc comes into view. It is wielding a +0 flail.
The orc moves out of view.
There are monsters nearby!
There are monsters nearby!
No reachable target in view!
An orc priest and an orc come into view.
Found 6 gold pieces.
The orc shouts!
The orc priest shouts!
The blast of sand hits the orc priest.
The orc priest is moderately wounded.
You can't see any susceptible monsters within range! (Use Z to cast anyway.)
The blast of sand hits the orc priest!
You kill the orc priest!
Aiming: Sandblast (safe; 3% risk of failure)
Press: ? - help, Q - select action, (/) - cycle Shift-Dir - straight line, f - orc
Aim: an orc, wielding a +0 flail and wearing a +0 ring mail (84% to hit)
The blast of sand hits the orc but does no damage.
The orc priest calls down the wrath of Beogh upon you.
Beogh smites you!
Ouch! That really hurt!
Aiming: Sandblast (safe; 3% risk of failure)
Press: ? - help, Q - select action, (/) - cycle Shift-Dir - straight line, f - orc priest, p - orc
Aim: an orc priest, wielding a +0 club (82% to hit)
The blast of sand hits the orc priest!
The orc priest is severely wounded.
The orc priest hits you with a +0 club. The orc hits you with a +0 flail.
* * * LOW HITPOINT WARNING * * *
The orc priest miscasts a cantrip.
Aiming: Sandblast (safe; 3% risk of failure)
Press: ? - help, Q - select action, (/) - cycle Shift-Dir - straight line, f/p - orc priest
Aim: an orc priest, wielding a +0 club (severely wounded, 82% to hit)
The blast of sand hits the orc priest!
You kill the orc priest!
The orc hits you with a +0 flail!
You die...

..... ..... .....
..... #####
############# #..
#...........## #..
#.#########..# #..
#@o).....###.###..
#.o#...#..##.#....
#....o......$#...###
#...........o#..##
#...........$#.##
#.#..#...#..##.#
...........###.#####
#....#########..#.†..
#..>...........##.##.


You could see an orc priest and 2 orcs.

Vanquished Creatures
  2 orc priests (D:2)
  3 gnolls (D:2)
  3 dart slugs
  3 ball pythons (D:1)
  2 endoplasms (D:1)
  6 goblins (D:1)
  A hobgoblin (D:2)
  3 kobolds
  2 quokkas (D:1)
  2 bats (D:1)
  2 frilled lizards (D:1)
  3 rats (D:1)
32 creatures vanquished.

Notes
Turn   | Place    | Note
-------+----------+-------------------------------------------
     0 | D:1      | arthad the Gargoyle Earth Elementalist began the quest for
                  | the Orb.
     0 | D:1      | Reached XP level 1. HP: 10/10 MP: 3/3
    46 | D:1      | Reached skill level 1 in Transmutations
    46 | D:1      | Reached XP level 2. HP: 9/15 MP: 0/5
   464 | D:1      | Reached XP level 3. HP: 19/19 MP: 4/6
   576 | D:1      | Learned a level 2 spell: Blink
  1017 | D:1      | Reached skill level 4 in Earth Magic
  1196 | D:2      | Reached XP level 4. HP: 8/24 MP: 0/7
  1520 | D:2      | Slain by an orc

Illustrated notes

Levels and vault maps discovered:
D:1:      heliophobic_arrival_glass_houses, layout_basic, serial_curves,
          eino_curves_01, eino_curves_04, eino_curves_02
D:2:      cheibrodos_pilgrimage, layout_basic,
          nicolae_concentric_dashed_squares_wild

Skill      XL: |  1  2  3 |
---------------+----------+-----
Transmutations | 1 |  1.4
Earth Magic    | 4 |  4.2
Dodging        | 2 |  2.0
Fighting       | |  0.7
Armour         | |  0.7
Stealth        | |  2.9
Spellcasting   | |  2.5
Translocations | |  0.4

Action                     |  1- 3 |  4- 6 || total
---------------------------+-------+-------++-------
  Melee: Unarmed           |    17 |       ||    17
   Cast: Sandblast         |    32 |    11 ||    43
 Armour: Robe              |     4 |     1 ||     5
  Dodge: Dodged            |    15 |     2 ||    17

Table legend: (Time is in decaauts)
 A = Elapsed time spent in this place.
 B = Non-inter-level travel time spent in this place.
 C = Inter-level travel time spent in this place.
 D = Time resting spent in this place.
 E = Time spent auto-exploring this place.
 F = Levels seen in this place.
 G = Mean time per level.
                   A        B        C        D        E       F      G
               +--------+--------+--------+--------+--------+-----+--------+
         Total |   1541 |   1405 |    136 |      0 |   1202 |   2 |  770.5 |
       Dungeon |   1541 |   1405 |    136 |      0 |   1202 |   2 |  770.5 |
               +--------+--------+--------+--------+--------+-----+--------+

Top non-repeatable levels by time:
     D:1: 1258 daAuts
     D:2: 283 daAuts
